 Dungeon Crawl Stone Soup version 0.23-a0-512-g50a8178 (webtiles) character file.

55 zishaf the Insei (level 3, 0/18 HPs)
             Began as a Vine Stalker Transmuter on Dec 4, 2018.
             Was an Initiate of Ru.
             Slain by a hobgoblin
             ... wielding a +0 club
              (2 damage)
             ... on level 3 of the Dungeon.
             The game lasted 00:02:47 (1535 turns).

zishaf the Insei (Vine Stalker Transmuter)          Turns: 1535, Time: 00:02:48

Health: 0/18       AC:  2    Str: 13    XL:     3   Next: 93%
Magic:  0/7        EV: 13    Int: 13    God:    Ru [......]
Gold:   63         SH:  0    Dex: 14    Spells: 5/6 levels left

rFire    + + .     SeeInvis .     - Unarmed
rCold    + . .     Gourm    .   (no shield)
rNeg     . . .     Faith    .   b - +0 robe
rPois    .         Spirit   +   (no helmet)
rElec    .         Reflect  .   j - scarf {rC+ rF+}
rCorr    .         Harm     .   (no gloves)
MR       .....                  (no boots)
Stlth    +.........             (no amulet)
HPRegen  0.06/turn              g - ring of protection from fire
MPRegen  0.10/turn              (no ring)

@: no status effects
A: fangs 2, magic shield, antimagic bite, no potion heal 3, rot immunity
a: Renounce Religion


You were on level 3 of the Dungeon.
You worshipped Ru.
Ru was noncommittal.
You were not hungry.

You visited 1 branch of the dungeon, and saw 3 of its levels.

You collected 63 gold pieces.

Inventory:

Missiles
 a - 12 arrows
Armour
 b - a +0 robe (worn)
 j - a scarf of resistance (worn)
Jewellery
 g - a ring of protection from fire (left hand)
Scrolls
 c - 4 scrolls of identify {unknown}
 h - a scroll of teleportation {unknown}
 k - 2 scrolls of immolation {unknown}
 l - a scroll of noise {unknown}
 n - a scroll of fear {unknown}
Potions
 e - a potion of heal wounds {unknown}
 i - 3 potions of curing {unknown}
 m - a potion of brilliance {unknown}
Comestibles
 d - 4 rations
 f - 7 chunks of flesh


   Skills:
 + Level 2.0 Fighting
 + Level 2.3 Dodging
 - Level 3.0 Unarmed Combat
 - Level 2.1 Spellcasting
 + Level 2.8 Transmutations


You had 5 spell levels left.
You knew the following spells:

 Your Spells              Type           Power        Failure   Level  Hunger
a - Beastly Appendage     Tmut           #.....       8%          1    ##.....

Your spell library contained the following spells:

 Spells                   Type           Power        Failure   Level  Hunger
 Sticks to Snakes         Tmut           #.......     12%         2    ###....
 Spider Form              Tmut/Pois      #.........   38%         3    ####...
 Ice Form                 Ice/Tmut       #.......     80%         4    #####..
 Blade Hands              Tmut           #.........   91%         5    ######.


Dungeon Overview and Level Annotations

Branches:
Dungeon (3/15)

Altars:
Ru

Annotations:
D:2 Sigmund


Innate Abilities, Weirdness & Mutations

You have extremely sharp teeth.
When hurt, damage is shared between your health and your magic reserves.
Your bite disrupts and absorbs the magic of your enemies.
Potions cannot restore your health.
You are immune to rotting.


Message History

Your bite misses the hobgoblin. The hobgoblin barely misses you.
The orc barely misses you.
You hit the hobgoblin.
The hobgoblin is moderately wounded.
The hobgoblin hits you with a +0 club.
* * * LOW HITPOINT WARNING * * *
The orc barely misses you.
You hit the hobgoblin.
The hobgoblin is heavily wounded.
The hobgoblin hits you but does no damage.
You hit the hobgoblin but do no damage.
The hobgoblin is heavily wounded.
The orc barely misses you. The hobgoblin closely misses you.
You hit the hobgoblin.
You bite the hobgoblin, but do no damage.
The hobgoblin is almost dead.
The orc hits you from afar with a +0 trident.
* * * LOW HITPOINT WARNING * * *
The hobgoblin hits you with a +0 club.
You die...

#################
###...............#
#..........######.#
######.#.######.##
#รท# .......#.#
##.#.## #.#
####...#.####.###.##
#.######
....)....aog@## ##.#
#.......
.###..###.###.###..#
######## #. #.#
##.#.#.# .o #.#
##.##.# .. ..#
#.##.# ###### .. ###
#..... ...... .
###.## ###... .#
##.... # #....#


You could see a worker ant, an orc and a hobgoblin.

Vanquished Creatures
  An adder (D:2)
  A leopard gecko (D:1)
  2 orcs (D:3)
  8 bats
  A giant cockroach (D:2)
  5 goblins
  3 hobgoblins
  4 jackals
  6 kobolds
  A quokka (D:3)
  A frilled lizard (D:3)
  7 rats
40 creatures vanquished.

Notes
Turn   | Place    | Note
-------+----------+-------------------------------------------
     0 | D:1      | zishaf the Vine Stalker Transmuter began the quest for the
                  | Orb.
     0 | D:1      | Reached XP level 1. HP: 9/9 MP: 4/4
    47 | D:1      | Reached skill level 1 in Fighting
   136 | D:1      | Reached XP level 2. HP: 12/14 MP: 6/6
   885 | D:2      | Reached XP level 3. HP: 14/18 MP: 5/7
   904 | D:2      | Found a sacrificial altar of Ru.
   927 | D:2      | Became a worshipper of Ru the Awakened
  1348 | D:2      | Noticed Sigmund
  1535 | D:3      | Slain by a hobgoblin

Vault maps used:
D:1:      evilmike_arrival_crescent
D:2:      minmay_alternating_diamond, minitemple, lemuel_doored_altar,
          uniq_sigmund, uniq_natasha
D:3:      nicolae_overflow_crystal_walls, first_ration,
          chequers_ecumenical_altar_lobes, st_stairs_3

Skill      XL: |  1  2  3 |
---------------+----------+-----
Fighting       | 1 2 |  2.0
Dodging        | 2 |  2.3
Unarmed Combat | |  3.0
Spellcasting   | |  2.1
Transmutations | |  2.8

Action                   || total
-------------------------++-------
Melee: Unarmed           ||   146
       Bite              ||    35
       Punch             ||     6
 Stab: Sleeping          ||     1
  Eat: Chunk             ||     2
Armor: Robe              ||    36
Dodge: Dodged            ||   107

Table legend:
 A = Non-vault XP
 B = Vault XP
 C = Vault XP percentage of total XP
 D = Non-vault monster count
 E = Vault monster count
 F = Vault count percentage of total count
                 A         B        C        D         E       F
            +---------+---------+-------+---------+---------+-------
      Total |      72 |       7 |   8.9 |      35 |       5 |  12.5
            +---------+---------+-------+---------+---------+-------
        D:1 |      31 |       0 |   0.0 |      20 |       0 |   0.0
        D:2 |      22 |       7 |  24.1 |       5 |       5 |  50.0
        D:3 |      19 |       0 |   0.0 |      10 |       0 |   0.0
            +---------+---------+-------+---------+---------+-------
